TOP OF THE 1ST |
South Bend Cubs batting - Pitching for Peoria Chiefs : RHP Chris Moore
|
Pitching: RHP Chris Moore
|
|
Batting: RHB Du Kim
|
0-0: Called Strike 0-1: Swinging Strike 0-2: Foul Ball, location: 2F 0-2: Ball 1-2: Strikes out swinging
|
Batting: LHB Alex Ramos
|
0-0: Ball 1-0: Swinging Strike 1-1: Swinging Strike 1-2: Ball 2-2: Foul Ball, location: 2F 2-2: Strikes out looking
|
Batting: LHB Melvin Salgado
|
0-0: Fly out, F9 (Flyball, 9, EV 90.0 MPH)
|
Top of the 1st over - 0 runs, 0 hits, 0 errors, 0 left on base; South Bend 0 - Peoria 0 |
BOTTOM OF THE 1ST |
Peoria Chiefs batting - Pitching for South Bend Cubs : LHP Matt Tomlinson
|
Pitching: LHP Matt Tomlinson
|
|
Batting: RHB Fekadu Alhaadi
|
0-0: Ball 1-0: Fly out, F2 (Popup, 23F, EV 76.2 MPH)
|
Batting: LHB Jorge Zarazua
|
0-0: Ball 1-0: Foul Ball, location: 2F 1-1: SINGLE (Groundball, 34D, EV 105.6 MPH)
|
Pitching: RHP Josh Deyo
|
|
Batting: RHB Jose Jimenez
|
0-0: Ball 1-0: Called Strike 1-1: Swinging Strike 1-2: Strikes out swinging
|
Batting: LHB Travis Ruppel
|
0-0: Ball 1-0: Called Strike 1-1: DOUBLE (Line Drive, 78D, EV 106.9 MPH) Jorge Zarazua to third
|
Batting: RHB Tommy Boudreaux
|
0-0: Called Strike 0-1: Swinging Strike 0-2: Ball 1-2: Foul Ball, location: 2F 1-2: Strikes out swinging
|
Bottom of the 1st over - 0 runs, 2 hits, 0 errors, 2 left on base; South Bend 0 - Peoria 0 |
TOP OF THE 2ND |
South Bend Cubs batting - Pitching for Peoria Chiefs : RHP Chris Moore
|
Batting: RHB Tim Long
|
0-0: Ball 1-0: Ball 2-0: Called Strike 2-1: Ball 3-1: Called Strike 3-2: Foul Ball, location: 2F 3-2: Foul Ball, location: 2F 3-2: Foul Ball, location: 2F 3-2: Strikes out swinging
|
Batting: RHB Josh Asch
|
0-0: Ball 1-0: Called Strike 1-1: Ground out 4-3 (Groundball, 4, EV 90.6 MPH)
|
Batting: RHB Bartolo Aguilar
|
0-0: Ball 1-0: Called Strike 1-1: Foul Ball, location: 2F 1-2: Strikes out swinging
|
Top of the 2nd over - 0 runs, 0 hits, 0 errors, 0 left on base; South Bend 0 - Peoria 0 |
BOTTOM OF THE 2ND |
Peoria Chiefs batting - Pitching for South Bend Cubs : RHP Josh Deyo
|
Batting: RHB Tim Jobe
|
0-0: Foul Ball, location: 2F 0-1: Called Strike 0-2: Foul Ball, location: 2F 0-2: SINGLE (Groundball, 4D, EV 103.8 MPH)
|
Batting: RHB Robby Hickman
|
0-0: Ball 1-0: Ball 2-0: SINGLE (Groundball, 56, EV 102.5 MPH) (infield hit) Tim Jobe to second
|
Pitching: RHP Dylan Henderson
|
|
Batting: RHB Tim Cleary
|
0-0: Ball 1-0: Swinging Strike 1-1: Swinging Strike 1-2: Fly out, F7 (Flyball, BS2, EV 110.0 MPH) Runner from 2nd tags up, SAFE at 3rd, no throw by LF
|
Batting: RHB Herbert Loveless
|
0-0: Called Strike 0-1: Called Strike 0-2: Ball 1-2: Ball 2-2: Foul Ball, location: 2F 2-2: Ball 3-2: Foul Ball, location: 2F 3-2: Fly out, F8 (Flyball, 8RS, EV 95.6 MPH)
|
Batting: RHB Fekadu Alhaadi
|
0-0: Ball 1-0: Called Strike 1-1: Ball Robby Hickman is caught stealing 2nd base 2-4
|
Bottom of the 2nd over - 0 runs, 2 hits, 0 errors, 1 left on base; South Bend 0 - Peoria 0 |
TOP OF THE 3RD |
South Bend Cubs batting - Pitching for Peoria Chiefs : RHP Chris Moore
|
Batting: LHB Mark Huey
|
0-0: Called Strike 0-1: Swinging Strike 0-2: Strikes out swinging
|
Batting: SHB Benoît Morin
|
0-0: Called Strike 0-1: Ball 1-1: SINGLE (Groundball, 5S, EV 75.6 MPH) (infield hit)
|
Batting: RHB Victor Ramirez
|
0-0: Called Strike 0-1: Foul Ball, location: 2F 0-2: Strikes out swinging
|
Batting: RHB Du Kim
|
0-0: Ball 1-0: Foul Ball, location: 2F 1-1: Foul Ball, location: 2F 1-2: Strikes out swinging
|
Top of the 3rd over - 0 runs, 1 hit, 0 errors, 1 left on base; South Bend 0 - Peoria 0 |
BOTTOM OF THE 3RD |
Peoria Chiefs batting - Pitching for South Bend Cubs : RHP Dylan Henderson
|
Batting: RHB Fekadu Alhaadi
|
0-0: Called Strike 0-1: Ball 1-1: Swinging Strike 1-2: SOLO HOME RUN (Flyball, 89XD, EV 98.8 MPH), Distance : 400 ft
|
Pitching: RHP Phil Holmes
|
|
Batting: LHB Jorge Zarazua
|
0-0: Called Strike 0-1: Ball 1-1: Ball 2-1: Ground out 4-3 (Groundball, 4, EV 101.2 MPH)
|
Batting: RHB Jose Jimenez
|
0-0: SINGLE (Groundball, 6MD, EV 98.1 MPH)
|
Batting: LHB Travis Ruppel
|
0-0: Called Strike 0-1: Foul Ball, location: 2F 0-2: Foul Ball, location: 2F 0-2: Ball 1-2: Ball Jose Jimenez is caught stealing 2nd base 2-6 2-2: Foul Ball, location: 2F 2-2: Strikes out swinging
|
Bottom of the 3rd over - 1 run, 2 hits, 0 errors, 0 left on base; South Bend 0 - Peoria 1 |
TOP OF THE 4TH |
South Bend Cubs batting - Pitching for Peoria Chiefs : RHP Chris Moore
|
Batting: LHB Alex Ramos
|
0-0: Ball 1-0: Called Strike 1-1: DOUBLE (Groundball, 3L, EV 103.8 MPH)
|
Batting: LHB Melvin Salgado
|
0-0: Called Strike 0-1: Ball 1-1: Ball 2-1: Foul Ball, location: 2F 2-2: Foul Ball, location: 2F 2-2: Strikes out swinging
|
Batting: RHB Tim Long
|
0-0: Called Strike 0-1: Called Strike 0-2: Strikes out swinging
|
Batting: RHB Josh Asch
|
0-0: Called Strike 0-1: Ground out 4-3 (Groundball, 4, EV 89.4 MPH)
|
Top of the 4th over - 0 runs, 1 hit, 0 errors, 1 left on base; South Bend 0 - Peoria 1 |
BOTTOM OF THE 4TH |
Peoria Chiefs batting - Pitching for South Bend Cubs : RHP Phil Holmes
|
Batting: RHB Tommy Boudreaux
|
0-0: Called Strike 0-1: Swinging Strike 0-2: Ball 1-2: SINGLE (Groundball, 56D, EV 95.6 MPH)
|
Batting: RHB Tim Jobe
|
0-0: Called Strike 0-1: Ball 1-1: Ball 2-1: Ball 3-1: Swinging Strike 3-2: Base on Balls Tommy Boudreaux to second
|
Pitching: RHP Josh Mott
|
|
Batting: RHB Robby Hickman
|
0-0: Ball 1-0: Ball 2-0: SINGLE (Groundball, 56S, EV 63.8 MPH) (infield hit) Tommy Boudreaux to third Tim Jobe to second
|
Batting: RHB Tim Cleary
|
0-0: Foul Ball, location: 2F 0-1: Fly out, F7 (Flyball, 7LD, EV 75.6 MPH) Runner from 3rd tags up, SCORES, no throw by LF Tim Jobe to third
|
Batting: RHB Herbert Loveless
|
0-0: Called Strike 0-1: Ball 1-1: Called Strike 1-2: Ball 2-2: Ball 3-2: Base on Balls Robby Hickman to second
|
Batting: RHB Fekadu Alhaadi
|
0-0: Called Strike 0-1: Foul Ball, location: 2F 0-2: Ball 1-2: Ball 2-2: Foul Ball, location: 2F 2-2: Foul Ball, location: 2F 2-2: Strikes out swinging
|
Pitching: RHP Tom Reed
|
|
Batting: LHB Jorge Zarazua
|
0-0: Ball 1-0: Foul Ball, location: 2F 1-1: Called Strike 1-2: Ball 2-2: Ball 3-2: Base on Balls Tim Jobe scores Robby Hickman to third Herbert Loveless to second
|
Batting: RHB Jose Jimenez
|
0-0: Ball 1-0: Ball 2-0: Foul Ball, location: 2F 2-1: Swinging Strike 2-2: SINGLE (Groundball, 5S, EV 68.8 MPH) (infield hit) Robby Hickman scores Herbert Loveless to third Jorge Zarazua to second
|
Batting: LHB Travis Ruppel
|
0-0: Called Strike 0-1: Ball 1-1: Ball 2-1: DOUBLE (Flyball, 78XD, EV 104.4 MPH) Herbert Loveless scores Jorge Zarazua scores Jose Jimenez to third Runner from 3rd tries for Home, SAFE, no throw by LF
|
Batting: RHB Tommy Boudreaux
|
0-0: Called Strike 0-1: Ball 1-1: Ground out 5-3 (Groundball, 56, EV 94.4 MPH)
|
Bottom of the 4th over - 6 runs, 4 hits, 0 errors, 1 left on base; South Bend 0 - Peoria 7 |
TOP OF THE 5TH |
South Bend Cubs batting - Pitching for Peoria Chiefs : RHP Chris Moore
|
Batting: RHB Bartolo Aguilar
|
0-0: Ball 1-0: Ball 2-0: Called Strike 2-1: Ball 3-1: Called Strike 3-2: Strikes out looking
|
Batting: LHB Mark Huey
|
0-0: Swinging Strike 0-1: Ball 1-1: Ball 2-1: Foul Ball, location: 2F 2-2: Ball 3-2: Foul Ball, location: 2F 3-2: Strikes out swinging, 2-3 out at first.
|
Batting: SHB Benoît Morin
|
0-0: Ball 1-0: Called Strike 1-1: Foul Ball, location: 2F 1-2: Ground out U3 (Groundball, 3, EV 86.2 MPH)
|
Top of the 5th over - 0 runs, 0 hits, 0 errors, 0 left on base; South Bend 0 - Peoria 7 |
BOTTOM OF THE 5TH |
Peoria Chiefs batting - Pitching for South Bend Cubs : RHP Tom Reed
|
Pitching: RHP Carlos Zavala
|
|
Batting: RHB Tim Jobe
|
0-0: Foul Ball, location: 2F 0-1: SINGLE (Groundball, 56, EV 87.5 MPH) (infield hit)
|
Batting: RHB Robby Hickman
|
0-0: Called Strike Tim Jobe is caught stealing 2nd base 2-4 0-1: Foul Ball, location: 2F 0-2: Foul Ball, location: 2F 0-2: Ground out 6-3 (Groundball, 6S, EV 87.5 MPH)
|
Batting: RHB Tim Cleary
|
0-0: Ball 1-0: Called Strike 1-1: Foul Ball, location: 2F 1-2: Ball 2-2: Ground out 6-3 (Groundball, 6, EV 95.6 MPH)
|
Bottom of the 5th over - 0 runs, 1 hit, 0 errors, 0 left on base; South Bend 0 - Peoria 7 |
TOP OF THE 6TH |
South Bend Cubs batting - Pitching for Peoria Chiefs : RHP Chris Moore
|
Batting: RHB Victor Ramirez
|
0-0: Fly out, F8 (Flyball, 8RD, EV 99.4 MPH)
|
Batting: RHB Du Kim
|
0-0: Ball 1-0: SINGLE (Groundball, 6MS, EV 83.1 MPH) (infield hit)
|
Batting: LHB Alex Ramos
|
0-0: Ball Du Kim is caught stealing 2nd base 2-6 1-0: Fly out, F9 (Flyball, 89M, EV 86.2 MPH)
|
Top of the 6th over - 0 runs, 1 hit, 0 errors, 0 left on base; South Bend 0 - Peoria 7 |
BOTTOM OF THE 6TH |
Peoria Chiefs batting - Pitching for South Bend Cubs : RHP Carlos Zavala
|
Batting: RHB Herbert Loveless
|
0-0: Ball 1-0: SINGLE (Groundball, 56D, EV 95.0 MPH)
|
Batting: RHB Fekadu Alhaadi
|
0-0: Called Strike 0-1: Ball 1-1: Ball 2-1: SINGLE (Groundball, 4M, EV 91.9 MPH) (infield hit) Herbert Loveless to second
|
Batting: LHB Jorge Zarazua
|
0-0: Ball 1-0: Ball 2-0: Fly out, F8 (Flyball, 8LM, EV 90.0 MPH)
|
Batting: RHB Jose Jimenez
|
0-0: Called Strike 0-1: Ball 1-1: Foul Ball, location: 2F 1-2: SINGLE (Groundball, 34D, EV 106.2 MPH) Herbert Loveless to third Fekadu Alhaadi to second
|
Batting: LHB Travis Ruppel
|
0-0: Called Strike 0-1: Ball 1-1: DOUBLE (Line Drive, 7LD, EV 109.4 MPH) Herbert Loveless scores Fekadu Alhaadi scores Jose Jimenez to third
|
Batting: RHB Tommy Boudreaux
|
0-0: Called Strike 0-1: Ball 1-1: Called Strike 1-2: Ball 2-2: Strikes out swinging
|
Batting: RHB Tim Jobe
|
0-0: Ball Wild Pitch! Jose Jimenez scores Travis Ruppel to third 1-0: Ball 2-0: Swinging Strike 2-1: Ball 3-1: Base on Balls
|
Pitching: RHP Sung-hwan Jung
|
|
Batting: RHB Robby Hickman
|
0-0: Called Strike 0-1: Fielders Choice at 2nd, 6-4 (Groundball, 56, EV 92.5 MPH)
|
Bottom of the 6th over - 3 runs, 4 hits, 0 errors, 2 left on base; South Bend 0 - Peoria 10 |
TOP OF THE 7TH |
South Bend Cubs batting - Pitching for Peoria Chiefs : RHP Chris Moore
|
Batting: LHB Melvin Salgado
|
0-0: Called Strike 0-1: Ball 1-1: Ball 2-1: Ball 3-1: Base on Balls
|
Batting: RHB Tim Long
|
0-0: Ball 1-0: Called Strike 1-1: Foul Ball, location: 2F 1-2: Ball 2-2: Grounds into double play, 6-4-3 (Groundball, 6M, EV 85.0 MPH)
|
Batting: RHB Josh Asch
|
0-0: Ball 1-0: Ball 2-0: Foul Ball, location: 2F 2-1: Reached on error, E5 (Groundball, 56, EV 106.9 MPH)
|
Pitching: RHP Lee Ott
|
|
Batting: RHB Bartolo Aguilar
|
0-0: Called Strike 0-1: Called Strike 0-2: Strikes out swinging
|
Top of the 7th over - 0 runs, 0 hits, 1 error, 1 left on base; South Bend 0 - Peoria 10 |
BOTTOM OF THE 7TH |
Peoria Chiefs batting - Pitching for South Bend Cubs : RHP Sung-hwan Jung
|
Batting: RHB Tim Cleary
|
0-0: Ball 1-0: Foul Ball, location: 2F 1-1: Ground out 1-3 (Groundball, 13S, EV 70.0 MPH)
|
Batting: RHB Herbert Loveless
|
0-0: Ball 1-0: Ball 2-0: Called Strike 2-1: Foul Ball, location: 2F 2-2: Ball 3-2: Base on Balls
|
Batting: RHB Fekadu Alhaadi
|
Balk! Herbert Loveless to second 0-0: Foul Ball, location: 2F 0-1: Ball 1-1: Swinging Strike 1-2: Foul Ball, location: 2F 1-2: Fly out, F4 (Line Drive, 4, EV 66.2 MPH)
|
Batting: LHB Jorge Zarazua
|
0-0: Ground out 6-3 (Groundball, 6M, EV 88.8 MPH)
|
Bottom of the 7th over - 0 runs, 0 hits, 0 errors, 1 left on base; South Bend 0 - Peoria 10 |
TOP OF THE 8TH |
South Bend Cubs batting - Pitching for Peoria Chiefs : RHP Lee Ott
|
Batting: LHB Mark Huey
|
0-0: Ball 1-0: Called Strike 1-1: Swinging Strike 1-2: Strikes out swinging
|
Batting: SHB Benoît Morin
|
0-0: Foul Ball, location: 2F 0-1: Foul Ball, location: 2F 0-2: Ball 1-2: Strikes out swinging
|
Batting: RHB Victor Ramirez
|
0-0: Called Strike 0-1: Foul Ball, location: 2F 0-2: Ball 1-2: Strikes out swinging
|
Top of the 8th over - 0 runs, 0 hits, 0 errors, 0 left on base; South Bend 0 - Peoria 10 |
BOTTOM OF THE 8TH |
Peoria Chiefs batting - Pitching for South Bend Cubs : RHP Sung-hwan Jung
|
Batting: RHB Jose Jimenez
|
0-0: Called Strike 0-1: Ball 1-1: Ball 2-1: Foul Ball, location: 2F 2-2: SOLO HOME RUN (Flyball, 7D, EV 99.4 MPH), Distance : 370 ft
|
Batting: LHB Travis Ruppel
|
0-0: Foul Ball, location: 2F 0-1: Swinging Strike 0-2: Ball 1-2: Ball 2-2: SINGLE (Line Drive, 78M, EV 94.4 MPH)
|
Batting: RHB Tommy Boudreaux
|
0-0: SINGLE (Groundball, 6MD, EV 102.5 MPH) Travis Ruppel to second
|
Pinch Hitting: RHB Chris Norris
|
0-0: Ball Wild Pitch! Travis Ruppel to third Tommy Boudreaux to second 1-0: Ground out U3 (Groundball, 3, EV 81.9 MPH)
|
Batting: RHB Robby Hickman
|
0-0: Ball 1-0: Fly out, F7 (Flyball, 7D, EV 90.6 MPH) Throwing error, E7 Travis Ruppel scores Tommy Boudreaux to third
|
Batting: RHB Tim Cleary
|
0-0: Called Strike 0-1: Ball 1-1: Foul Ball, location: 2F 1-2: Ball Wild Pitch! Tommy Boudreaux scores 2-2: Fly out, F7 (Line Drive, 7, EV 85.6 MPH)
|
Bottom of the 8th over - 3 runs, 3 hits, 1 error, 0 left on base; South Bend 0 - Peoria 13 |
TOP OF THE 9TH |
South Bend Cubs batting - Pitching for Peoria Chiefs : RHP Lee Ott
|
Now at 2B: Robby Hickman
|
|
Now at 3B: Chris Norris
|
|
Now at SS: Tim Cleary
|
|
Batting: RHB Du Kim
|
0-0: Called Strike 0-1: Foul Ball, location: 2F 0-2: Strikes out swinging
|
Batting: LHB Alex Ramos
|
0-0: Called Strike 0-1: Ball 1-1: Ball 2-1: Ball 3-1: Called Strike 3-2: Base on Balls
|
Batting: LHB Melvin Salgado
|
0-0: Foul Ball, location: 2F 0-1: Called Strike 0-2: Foul Ball, location: 2F 0-2: Ball 1-2: Ball 2-2: Strikes out swinging
|
Batting: RHB Tim Long
|
0-0: Called Strike 0-1: Foul Ball, location: 2F 0-2: Ball 1-2: Foul Ball, location: 2F 1-2: Foul Ball, location: 2F 1-2: Foul Ball, location: 2F 1-2: Ball 2-2: Ball 3-2: Ground out 5-3 (Groundball, 5S, EV 91.9 MPH)
|
Top of the 9th over - 0 runs, 0 hits, 0 errors, 1 left on base; South Bend 0 - Peoria 13 |
|